 Dungeon Crawl Stone Soup version 0.25-a0-589-g1e14c549ee (webtiles) character file.

Game seed: 14681824591474693061, levelgen mode: deterministic

877 Kohma the Slasher (level 7, -1/56 HPs)
             Began as a Demonspawn Gladiator on Mar 10, 2020.
             Was an Initiate of Qazlal.
             Slain by a yak (8 damage)
             ... on level 5 of the Dungeon.
             The game lasted 00:12:21 (6345 turns).

Kohma the Slasher (Demonspawn Gladiator)            Turns: 6345, Time: 00:12:22

Health: -1/56      AC:  1    Str: 14    XL:     7   Next: 75%
Magic:  8/8        EV: 13    Int: 12    God:    Qazlal [......]
Gold:   216        SH:  3    Dex: 14    Spells: 6/8 levels left

rFire    . . .     SeeInvis .   w - +2 short sword (freeze)
rCold    + . .     Gourm    .   (no shield)
rNeg     . . .     Faith    .   r - +2 robe {MR+}
rPois    .         Spirit   .   c - +0 helmet
rElec    .         Reflect  +   x - +1 cloak
rCorr    .         Harm     .   (no gloves)
MR       +....                  (no boots)
Stlth    +.........             b - +3 amulet of reflection
HPRegen  0.18/turn              q - ring of flight
MPRegen  0.11/turn              (no ring)

@: corroded
A: hooves 2, molten scales 1, cold resistance 1
a: Renounce Religion, Evoke Flight


You were on level 5 of the Dungeon.
You worshipped Qazlal.
Qazlal was noncommittal.
You were not hungry.

You visited 2 branches of the dungeon, and saw 6 of its levels.

You collected 216 gold pieces.

Inventory:

Hand Weapons
 a - a +0 long sword
 w - a +2 short sword of freezing (weapon)
Missiles
 d - 3 throwing nets (quivered)
 e - 46 arrows
 u - 20 poisoned darts
Armour
 c - a +0 helmet (worn)
 l - the +3 ring mail of the New World {rElec rC- Str+2}
   (You found it on level 4 of the Dungeon)

   It affects your strength (+2).
   It makes you vulnerable to cold.
   It insulates you from electricity.
 p - a +0 ring mail
 r - a +2 robe of magic resistance (worn)
 x - a +1 cloak (worn)
Jewellery
 b - a +3 amulet of reflection (around neck)
 q - a ring of flight (left hand)
Wands
 h - a wand of random effects (20)
 t - a wand of iceblast (7)
Scrolls
 g - 7 scrolls of identify
 m - 4 scrolls of teleportation
Potions
 i - 5 potions of haste
 j - 2 potions of curing
 k - a potion of stabbing
Comestibles
 f - 8 rations


   Skills:
 + Level 5.0 Fighting
 * Level 6.7 Long Blades
 - Level 1.7 Throwing
 - Level 3.0 Dodging
 - Level 1.0 Spellcasting
 + Level 1.8 Transmutations


You had 6 spell levels left.
You knew the following spells:

 Your Spells              Type           Power        Failure   Level  Hunger
a - Sticks to Snakes      Tmut           #.......     22%         2    ###....

Your spell library contained the following spells:

 Spells                   Type           Power        Failure   Level  Hunger
 Beastly Appendage        Tmut           #.....       14%         1    ##.....
 Spider Form              Tmut/Pois      #.........   52%         3    ####...
 Ice Form                 Ice/Tmut       #.......     90%         4    #####..
 Blade Hands              Tmut           #.........   98%         5    ######.


Dungeon Overview and Level Annotations

Branches:
Dungeon (5/15)             Temple (1/1) D:5

Altars:
Ashenzari
Dithmenos
Elyvilon
Fedhas
Gozag
Hepliaklqana
Kikubaaqudgha
Makhleb
Qazlal
Ru
Sif Muna
Trog
Uskayaw
Vehumet
Xom
Yredelemnul
Zin

Shops:
D:2 *


Innate Abilities, Weirdness & Mutations

You have hoof-like feet.
You are partially covered in molten scales. (AC +2)
Your flesh is cold resistant. (rC+)


Message History

You open the door.
There is an open door here.
The yak is too close now for your liking.
The yak bellows!
The yak gores you!
You hit the yak but do no damage. You hit the yak. You freeze the yak.
You kick the yak, but do no damage.
The yak is lightly wounded.
The yak barely misses you. The yak completely misses you.
You hit the yak. You freeze the yak.
The yak is moderately wounded.
The yak gores you!
* * * LOW HITPOINT WARNING * * *
The yak barely misses you.
You hit the yak but do no damage. You kick the yak, but do no damage.
The yak is moderately wounded.
The yak gores you!
* * * LOW HITPOINT WARNING * * *
You feel better. The yak gores you!
You die...

#......#....##.....###+##..##.
#..>...+............... #...#.
#......#............... #...#.
#......#............... +...#.
#......##...##.....######...<.
#......##...########......##+#
#.......'..........#......#
#.......#..........'......#
#.......#....@Y....#......#
#.......#...##Y#####......+
#.......#...##.....#......#
#......##...##.....#......#
##############.....+......+
#......#......#
####+###......# #......#
#......#


You could see 2 yaks.

Vanquished Creatures
  Sigmund (D:3)
  A yak (D:5)
  A water moccasin (D:4)
  A scorpion (D:4)
  A howler monkey (D:3)
  Crazy Yiuf (D:3)
  A hound (D:4)
  A jelly (D:5)
  Natasha (thrice) (D:2)
  A worker ant (D:4)
  4 gnolls (D:2)
  7 adders
  A shadow imp (D:5)
  3 worms
  3 dart slugs
  2 leopard geckos
  5 orcs (D:4)
  7 giant cockroaches
  2 gnoll zombies (D:2)
  11 goblins
  7 hobgoblins
  2 jackals (D:4)
  2 quokkas
  A ball python (D:2)
  2 bats
  4 frilled lizards (D:2)
  5 kobolds
  A leopard gecko zombie (D:5)
  4 rats
85 creatures vanquished.

Vanquished Creatures (others)
  5 dream sheep (D:3)
5 creatures vanquished.

Grand Total: 90 creatures vanquished

Notes
Turn   | Place    | Note
-------+----------+-------------------------------------------
     0 | D:1      | Kohma the Demonspawn Gladiator began the quest for the Orb.
     0 | D:1      | Reached XP level 1. HP: 16/16 MP: 1/1
   195 | D:1      | Gained mutation: You have large cloven feet. [demonic
                  | ancestry]
   195 | D:1      | Reached XP level 2. HP: 12/22 MP: 2/2
   308 | D:1      | Reached skill level 3 in Long Blades
  1013 | D:2      | Reached XP level 3. HP: 28/28 MP: 3/3
  1041 | D:2      | Found Zin's Purification Station.
  1041 | D:2      | Found a glowing silver altar of Zin.
  1052 | D:2      | Gained mutation: Your flesh is cold resistant. (rC+)
                  | [demonic ancestry]
  1052 | D:2      | Reached XP level 4. HP: 29/34 MP: 4/4
  1115 | D:2      | Reached skill level 4 in Long Blades
  1501 | D:2      | Noticed Natasha
  1506 | D:2      | Killed Natasha
  1892 | D:2      | Reached XP level 5. HP: 33/41 MP: 5/5
  2068 | D:2      | Noticed Natasha
  2074 | D:2      | Killed Natasha
  2184 | D:2      | Found a basalt altar of Yredelemnul.
  2266 | D:2      | Noticed Natasha
  2274 | D:2      | Killed Natasha
  2410 | D:2      | Found Zin's Purification Station.
  2416 | D:2      | Found a glowing silver altar of Zin.
  3015 | D:2      | Found a basalt altar of Yredelemnul.
  3224 | D:3      | Reached skill level 5 in Long Blades
  3329 | D:3      | Noticed Sigmund
  3340 | D:3      | Killed Sigmund
  3340 | D:3      | Gained mutation: You are partially covered in molten
                  | scales. (AC +2) [demonic ancestry]
  3340 | D:3      | Reached XP level 6. HP: 38/48 MP: 6/6
  3454 | D:3      | Noticed a dream sheep
  3454 | D:3      | Noticed a dream sheep
  3454 | D:3      | Noticed a dream sheep
  3454 | D:3      | Noticed a dream sheep
  3454 | D:3      | Noticed a dream sheep
  3454 | D:3      | Found a shimmering altar of Xom.
  3459 | D:3      | Killed a dream sheep
  3459 | D:3      | Killed a dream sheep
  3459 | D:3      | Killed a dream sheep
  3460 | D:3      | Killed a dream sheep
  3460 | D:3      | Killed a dream sheep
  3755 | D:3      | Found a runed translucent door.
  3756 | D:3      | Noticed Crazy Yiuf
  3766 | D:3      | Killed Crazy Yiuf
  4164 | D:4      | Reached skill level 6 in Long Blades
  4289 | D:4      | Learned a level 2 spell: Sticks to Snakes
  4676 | D:4      | Gained mutation: You have hoof-like feet. [demonic
                  | ancestry]
  4676 | D:4      | Reached XP level 7. HP: 53/55 MP: 7/7
  4689 | D:4      | Got a smelly ring mail
  4718 | D:4      | Identified the +3 ring mail of the New World {rElec rC-
                  | Str+2} (You found it on level 4 of the Dungeon)
  4901 | D:4      | Reached skill level 1 in Spellcasting
  4901 | D:4      | Reached skill level 1 in Transmutations
  5388 | D:4      | Found a shimmering blue altar of Sif Muna.
  5391 | D:4      | Found an opulent altar of Gozag.
  5393 | D:4      | Found a radiant altar of Vehumet.
  5704 | D:5      | Entered Level 5 of the Dungeon
  5733 | D:5      | Noticed a yak
  5735 | D:5      | Found a staircase to the Ecumenical Temple.
  5736 | D:5      | Noticed a yak
  5737 | D:5      | Noticed a yak
  5747 | D:5      | Killed a yak
  5747 | D:5      | Reached skill level 5 in Fighting
  6068 | Temple   | Entered the Ecumenical Temple
  6134 | Temple   | Became a worshipper of Qazlal Stormbringer
  6344 | D:5      | HP: 1/56 [yak (13)]
  6345 | D:5      | Slain by a yak

Levels and vault maps discovered:
D:1:      sevenhm_arrival_forest_fort_large_2, layout_loops_corners
D:2:      layout_loops_corners, lemuel_zombie_altar_yredelemnul, zin_purify,
          uniq_natasha
D:3:      layout_loops_ring, kb_xom_exploding_sheep, first_ration,
          wad_floor_pattern_2, uniq_crazy_yiuf_cottage, uniq_sigmund
D:4:      layout_layer_cave, grunt_temple_overflow_open
D:5:      minmay_spotlight, layout_gridville, okawaru_ov_weapons_minmay,
          minmay_temple_entry_glass, supply_closet_lemuel
Temple:   minmay_temple_curvy_loop

Skill      XL: |  1  2  3  4  5  6  7 |
---------------+----------------------+-----
Long Blades    | 3 4 5 6 |  6.7
Dodging        | 3 |  3.0
Fighting       | 3 4 5 |  5.0
Spellcasting   | 1 |  1.0
Transmutations | 1 |  1.8
Throwing       | |  1.7

Action                   |  1- 3 |  4- 6 |  7- 9 || total
-------------------------+-------+-------+-------++-------
Melee: Long sword        |    65 |   100 |       ||   165
       Kick              |     9 |    45 |    18 ||    72
       Short sword       |       |    64 |    53 ||   117
  Use: Scroll            |       |     8 |     2 ||    10
       Potion            |       |       |     2 ||     2
  Eat: Chunk             |       |     8 |       ||     8
       Ration            |       |     1 |     2 ||     3
Armor: Leather armour    |    16 |     2 |       ||    18
       Ring mail         |       |    28 |       ||    28
       Robe              |       |    12 |    10 ||    22
       Skin              |       |       |     2 ||     2
Dodge: Dodged            |    42 |   102 |    36 ||   180
Block: Other             |       |       |     3 ||     3
       Rpst.: Long sword |    18 |    24 |       ||    42

Table legend:
 A = Non-vault XP
 B = Vault XP
 C = Vault XP percentage of total XP
 D = Non-vault monster count
 E = Vault monster count
 F = Vault count percentage of total count
                 A         B        C        D         E       F
            +---------+---------+-------+---------+---------+-------
      Total |     950 |     303 |  24.2 |      80 |       5 |   5.9
            +---------+---------+-------+---------+---------+-------
        D:1 |      26 |       0 |   0.0 |      13 |       0 |   0.0
        D:2 |     240 |      39 |  14.0 |      34 |       3 |   8.1
        D:3 |      95 |     264 |  73.5 |      14 |       2 |  12.5
        D:4 |     328 |       0 |   0.0 |      15 |       0 |   0.0
        D:5 |     261 |       0 |   0.0 |       4 |       0 |   0.0
            +---------+---------+-------+---------+---------+-------
